 Dungeon Crawl Stone Soup version 0.20.0-10-g0535bb4 (webtiles) character file.

3711 Larmestyx the Summoner (level 10, -2/67 HPs)
             Began as a Merfolk Summoner on June 6, 2017.
             Was an Elder of Sif Muna.
             Slain by a stone giant (11 damage)
             ... on level 2 of the Orcish Mines on June 7, 2017.
             The game lasted 02:17:45 (10897 turns).

Larmestyx the Summoner (Merfolk Summoner)          Turns: 10897, Time: 02:17:46

Health: -2/67      AC:  3    Str:  9    XL:     10   Next: 14%
Magic:  1/22       EV: 17    Int: 15    God:    Sif Muna [****..]
Gold:   320        SH:  0    Dex: 15    Spells: 15/25 levels left

rFire    . . .     SeeInvis .   F - +0 hand axe (chop)
rCold    . . .     Gourm    .   (no shield)
rNeg     + . .     Faith    .   a - +0 robe
rPois    .         Spirit   .   (no helmet)
rElec    .         Reflect  .   s - scarf {cloud immunity}
rCorr    .         Harm     .   (no gloves)
MR       +....                  u - +0 pair of boots
Stlth    ++........             O - amulet of magic regeneration
Regen    0.3/turn               d - ring of positive energy
MPRegen  0.3/turn               N - ring of protection from magic

@: very slightly contaminated
A: change form in water, swift swim, stealthy swim, dopey 1, screaming 1
a: Divine Energy, Channel Magic, Forget Spell, Renounce Religion


You were on level 2 of the Orcish Mines.
You worshipped Sif Muna.
Sif Muna was greatly pleased with you.
You were hungry.

You visited 3 branches of the dungeon, and saw 12 of its levels.

You collected 425 gold pieces.
You spent 105 gold pieces at shops.

Inventory:

Hand Weapons
 D - a +2 antimagic trident
 F - a +0 hand axe of chopping (weapon)
 L - a +0 dagger of flaming
Missiles
 r - 4 javelins of returning (quivered)
Armour
 a - a +0 robe (worn)
 h - a cursed +0 leather armour
 s - a scarf of cloud immunity (worn)
 u - a +0 pair of boots (worn)
 M - a +0 shield
Magical Staves
 w - an uncursed staff of conjuration
Jewellery
 d - a ring of positive energy (left hand)
 k - an uncursed amulet of regeneration
 y - an uncursed ring of resist corrosion
 H - a cursed amulet of regeneration
 N - a ring of protection from magic (right hand)
 O - an amulet of magic regeneration (around neck)
Scrolls
 e - 2 scrolls of amnesia
 g - 5 scrolls of magic mapping
 i - 3 scrolls of enchant weapon {unknown}
 l - 3 scrolls of teleportation
 m - a scroll of enchant armour {unknown}
 o - 3 scrolls of recharging
 q - a scroll of fog {unknown}
 x - a scroll of noise {unknown}
 G - a scroll of fear {unknown}
 I - 2 scrolls of remove curse
 K - a scroll of random uselessness {unknown}
Potions
 n - 4 potions of curing {unknown}
 v - 2 potions of heal wounds {unknown}
 z - 2 potions of mutation {unknown}
 A - 2 potions of berserk rage {unknown}
 B - a potion of might {unknown}
 C - a potion of cancellation {unknown}
Books
 b - a book of Callings

   Spells                             Type                      Level
   a - Summon Small Mammal            Summoning                    1
   b - Call Imp                       Summoning                    2
   c - Call Canine Familiar           Summoning                    3
   d - Summon Guardian Golem          Hexes/Summoning              3
   e - Summon Lightning Spire         Summoning/Air                4
   f - Summon Ice Beast               Ice/Summoning                4
 E - a book of Debilitation

   Spells                             Type                      Level
   a - Corona                         Hexes                        1
   b - Slow                           Hexes                        2
   c - Inner Flame                    Hexes/Fire                   3
   d - Portal Projectile              Hexes/Translocation          3
   e - Cause Fear                     Hexes                        4
   f - Leda's Liquefaction            Hexes/Earth                  4
Comestibles
 c - 5 bread rations
 f - 6 fruits
 j - a chunk of flesh
 p - 2 royal jellies
 t - 4 meat rations


   Skills:
 + Level 2.1 Fighting
 * Level 7.4 Dodging
 - Level 3.0 Stealth
 + Level 8.0 Spellcasting
 - Level 0.2 Hexes
 + Level 8.7 Summonings
 * Level 6.3 Ice Magic


You had 15 spell levels left.
You knew the following spells:

 Your Spells              Type           Power        Failure   Level  Hunger
a - Summon Small Mammal   Summ           ####         1%          1    None
b - Call Imp              Summ           ####....     1%          2    None
c - Summon Guardian Gole  Hex/Summ       ###.....     5%          3    ##.....
d - Summon Ice Beast      Ice/Summ       ####....     5%          4    ####...


Dungeon Overview and Level Annotations

Branches:
Dungeon (9/15)             Temple (1/1) D:7            Lair (0/6) D:9
    Orc (2/2) D:9
    Elf: Orc:2

Altars:
Ashenzari
Cheibriados
Dithmenos
Elyvilon
Fedhas
Gozag
Hepliaklqana
Kikubaaqudgha
Makhleb
Nemelex Xobeh
Okawaru
Qazlal
Ru
Sif Muna
Trog
Uskayaw
Vehumet
Xom
Yredelemnul
Zin
The Shining One

Shops:
D:4 [   D:5 *   D:7 }

Annotations:
D:7 Dowan, Duvessa


Innate Abilities, Weirdness & Mutations

You revert to your normal form in water.
You are very nimble and swift while swimming.
You are very stealthy in the water. (Stealth+)
You are dopey. (Int -2)
You occasionally shout uncontrollably at your foes.


Message History

The troll closely misses your crimson imp.
The troll barely misses your crimson imp.
The troll claws your crimson imp! The stone giant misses you.
Your ice beast hits the stone giant but does no damage.
Your crimson imp hits the stone giant but does no damage.
You hit the stone giant but do no damage.
Your ice beast barely misses the stone giant.
The troll bites your crimson imp!
Your crimson imp dies!
The stone giant misses you.
Your ice beast hits the stone giant but does no damage. x3
You hit the stone giant but do no damage.
The stone giant hits you.
Your ice beast hits the stone giant but does no damage. x3
The troll bites you!
* * * LOW HITPOINT WARNING * * *
The troll claws you.
* * * LOW HITPOINT WARNING * * *
The troll closely misses you. The stone giant hits you!
You die...

#............##
.....#..........
...............
.............##
..............#.
................
................
........@.......
.......YCT......
.......YY.......
......).(.......
...#............
................
.....$..........
................
................


You could see a stone giant, a troll and 3 friendly ice beasts.

Vanquished Creatures
  2 humans (D:8)
  A phantom (D:7)
  2 crimson imps
  A hound (D:4)
  2 orc priests (D:4)
  4 orc wizards (D:4)
  3 worker ants
  A howler monkey skeleton (D:8)
  3 adders
  2 shadow imps
  An ooze (D:1)
  2 worms (D:3)
  2 dart slugs
  A leopard gecko (D:2)
  9 orcs
  9 bats
  6 giant cockroaches
  3 goblins
  2 hobgoblins
  8 kobolds
  3 quokkas
  2 frilled lizards
  7 rats
76 creatures vanquished.

Vanquished Creatures (collateral kills)
  A two-headed ogre (D:9)
  An orc high priest (Orc:2)
  An ugly thing (D:9)
  2 yaks (D:9)
  A wyvern (D:9)
  2 wargs (D:9)
  2 hungry ghosts
  2 water moccasins
  An orc warrior (D:9)
  A phantom (D:7)
  A black bear (D:9)
  6 ogres
  4 centaurs
  A big kobold (D:9)
  A gnoll sergeant (D:9)
  4 bullfrogs
  3 scorpions
  3 killer bees (D:9)
  2 vampire bats (D:6)
  3 howler monkeys
  A centaur zombie (D:5)
  4 crimson imps
  5 hounds
  3 bullfrog skeletons
  3 orc priests
  A centaur skeleton (D:4)
  A jelly (D:9)
  4 orc wizards
  4 iguanas
  2 worker ants
  A mummy (D:8)
  5 gnolls (D:9)
  8 adders
  A shadow imp (D:6)
  An adder zombie (D:6)
  3 worms
  A dart slug (D:2)
  2 leopard geckos
  20 orcs
  A ball python (D:1)
  9 bats
  4 giant cockroaches
  A goblin (D:1)
  A hobgoblin (D:3)
  4 kobolds (D:9)
  2 quokkas
  A frilled lizard (D:3)
  A jackal zombie (D:6)
  2 rats
138 creatures vanquished.

Vanquished Creatures (others)
  A sky beast (D:5)
  A worker ant (D:5)
  2 orcs
  A hobgoblin (D:3)
  A frilled lizard (D:4)
  A fungus (Orc:2)
7 creatures vanquished.

Grand Total: 221 creatures vanquished

Notes
Turn   | Place    | Note
-------+----------+-------------------------------------------
     0 | D:1      | Larmestyx the Merfolk Summoner began the quest for the Orb.
     0 | D:1      | Reached XP level 1. HP: 13/13 MP: 3/3
   107 | D:1      | Reached XP level 2. HP: 19/19 MP: 1/5
   111 | D:1      | Learned a level 2 spell: Call Imp
   694 | D:2      | Reached XP level 3. HP: 19/24 MP: 2/6
   914 | D:2      | Reached XP level 4. HP: 30/30 MP: 3/7
   922 | D:2      | Learned a level 3 spell: Summon Guardian Golem
  1010 | D:2      | Found a deep blue altar of Sif Muna.
  1093 | D:2      | Became a worshipper of Sif Muna the Loreminder
  2686 | D:4      | Reached skill level 5 in Summonings
  2686 | D:4      | Reached XP level 5. HP: 36/36 MP: 2/9
  2780 | D:4      | Reached skill level 1 in Fighting
  2957 | D:4      | Reached XP level 6. HP: 34/43 MP: 2/11
  3224 | D:4      | Found Temilyoth's Armour Shoppe.
  3659 | D:4      | Reached * piety under Sif Muna
  3962 | D:4      | Reached XP level 7. HP: 45/48 MP: 5/13
  4123 | D:4      | Found a sacrificial altar of Ru.
  4159 | D:4      | Learned a level 4 spell: Summon Ice Beast
  4165 | D:5      | Entered Level 5 of the Dungeon
  4618 | D:5      | Reached skill level 1 in Ice Magic
  4713 | D:5      | Found Benaerch's Assorted Antiques.
  4721 | D:5      | Bought a runed silver ring for 105 gold pieces
  5470 | D:6      | Reached skill level 5 in Spellcasting
  5741 | D:6      | Gained mutation: You occasionally shout uncontrollably at your foes. [mutagenic glow]
  5813 | D:6      | Gained mutation: You are dopey. (Int -2) [mutagenic glow]
  5869 | D:6      | Reached XP level 8. HP: 55/55 MP: 6/16
  6152 | D:6      | Reached ** piety under Sif Muna
  7351 | D:7      | Reached skill level 5 in Dodging
  7400 | D:7      | Found Qukk's Gadget Boutique.
  7403 | D:7      | Noticed Duvessa
  7403 | D:7      | Noticed Dowan
  7586 | D:7      | Found a staircase to the Ecumenical Temple.
  7620 | Temple   | Entered the Ecumenical Temple
  7871 | D:7      | Found a hazy altar of Hepliaklqana.
  7871 | D:7      | Found an ancient bone altar of Kikubaaqudgha.
  8316 | D:8      | Reached XP level 9. HP: 40/61 MP: 7/18
  8366 | D:8      | Found an iron altar of Okawaru.
  8426 | D:8      | Reached *** piety under Sif Muna
  8628 | D:8      | Found a hide-covered altar of Uskayaw.
  8754 | D:8      | Found a snail-covered altar of Cheibriados.
  9454 | D:9      | Found a staircase to the Orcish Mines.
  9780 | D:9      | Reached skill level 5 in Ice Magic
 10297 | D:9      | Found a staircase to the Lair.
 10425 | D:9      | Noticed a two-headed ogre
 10439 | D:9      | Killed a two-headed ogre
 10716 | D:9      | Noticed a brown ugly thing
 10733 | D:9      | Killed a red ugly thing
 10733 | D:9      | Reached XP level 10. HP: 32/67 MP: 1/21
 10740 | Orc:1    | Entered Level 1 of the Orcish Mines
 10744 | Orc:1    | Noticed an orc sorcerer
 10749 | Orc:2    | Entered Level 2 of the Orcish Mines
 10752 | Orc:2    | Reached **** piety under Sif Muna
 10882 | Orc:2    | Noticed an orc high priest
 10883 | Orc:2    | Noticed a stone giant
 10890 | Orc:2    | Killed an orc high priest
 10897 | Orc:2    | Slain by a stone giant

Skill      XL: |  1  2  3  4  5  6  7  8  9 10 |
---------------+-------------------------------+-----
Dodging        | 3 4 5 7 |  7.4
Stealth        | 3 |  3.0
Spellcasting   | 3 4 5 6 7 8 |  8.0
Summonings     | 5 6 7 8 |  8.7
Fighting       | 1 2 |  2.1
Ice Magic      | 2 3 5 6 |  6.3
Hexes          | |  0.2

Action                   |  1- 3 |  4- 6 |  7- 9 | 10-12 || total
-------------------------+-------+-------+-------+-------++-------
Melee: Whip              |    58 |   123 |    52 |       ||   233
       Hand axe          |       |       |   146 |     4 ||   150
 Cast: Summon Small Mamm |     5 |       |       |       ||     5
       Call Imp          |    11 |    48 |   160 |     5 ||   224
       Summon Guardian G |       |     9 |    12 |       ||    21
       Summon Ice Beast  |       |       |    60 |     4 ||    64
  Use: Scroll            |       |     2 |    12 |       ||    14
 Stab: Sleeping          |     7 |     5 |       |       ||    12
       Distracted        |       |       |     5 |       ||     5
  Eat: Chunk             |     1 |    13 |    25 |     1 ||    40
       Bread ration      |       |       |     2 |       ||     2
Armor: Robe              |    18 |    17 |    36 |       ||    71
Dodge: Dodged            |    32 |    72 |   185 |    11 ||   300
